 Dungeon Crawl Stone Soup version 0.19-b1-4-gd8a0a2a (webtiles) character file.

130 Mesmaeker13 the Magician (level 4, -12/33 HPs)
             Began as a Draconian Wizard on Oct 30, 2016.
             Mangled by Crazy Yiuf
             ... wielding a +4 quarterstaff of chaos
              (17 damage)
             ... on level 2 of the Dungeon.
             The game lasted 00:06:19 (2940 turns).

Mesmaeker13 the Magician (Draconian Wizard)         Turns: 2940, Time: 00:06:20

Health: -12/33     AC:  6    Str: 10    XL:     4   Next: 90%
Magic:  7/10       EV: 12    Int: 19    God:
Gold:   80         SH:  0    Dex:  9    Spells: 2 memorised, 8 levels left

rFire  . . .     SeeInvis .     o - +7 club
rCold  . . .     Gourm    .     (armour unavailable)
rNeg   . . .     Faith    .     (no shield)
rPois  .         Spirit   .     a - +0 hat
rElec  .         Reflect  .     n - +0 cloak
rCorr  .         Harm     .     (no gloves)
MR     .....                    (no boots)
Stlth  ++........               (no amulet)
                                (no ring)
                                (no ring)

@: very slightly contaminated
A: unfitting armour, cold-blooded, AC +5
a: no special abilities


You were on level 2 of the Dungeon.
You were hungry.

You visited 1 branch of the dungeon, and saw 2 of its levels.

You collected 80 gold pieces.

Inventory:

Hand Weapons
 j - a +0 short sword of venom
 o - a +7 club (weapon)
Armour
 a - a +0 hat (worn)
 n - a +0 cloak (worn)
Scrolls
 h - 2 scrolls of remove curse
 k - a scroll of teleportation
 l - a scroll of fog {unknown}
 p - a scroll of recharging {unknown}
Potions
 e - a potion of flight
 m - a potion of might {unknown}
 q - a potion of beneficial mutation {unknown}
Books
 b - a book of Minor Magic

   Spells                             Type                      Level
   a - Magic Dart                     Conjuration                  1
   b - Blink                          Translocation                2
   c - Call Imp                       Summoning                    2
   d - Repel Missiles                 Charms/Air                   2
   e - Slow                           Hexes                        2
   f - Conjure Flame                  Conjuration/Fire             3
   g - Mephitic Cloud                 Conjuration/Poison/Air       3
Comestibles
 c - a bread ration
 f - 6 fruits
 i - a beef jerky


   Skills:
 - Level 1.7 Dodging
 - Level 1.7 Stealth
 + Level 4.3 Spellcasting
 + Level 3.2 Conjurations
 - Level 1.0 Summonings
   Level 1.0 Translocations


You had 8 spell levels left.
You knew the following spells:

 Your Spells              Type           Power        Failure   Level  Hunger
a - Magic Dart            Conj           ###.         4%          1    None
b - Call Imp              Summ           #.......     14%         2    #......


Dungeon Overview and Level Annotations

Branches:
Dungeon (2/15)

Altars:
Hepliaklqana

Annotations:
D:2 Crazy Yiuf


Innate Abilities, Weirdness & Mutations

Your plain brown scales are hard. (AC +5)
You cannot fit into any form of body armour.
You are cold-blooded and may be slowed by cold attacks.


Message History

Crazy Yiuf sings, "Trees, trees, trees, circus!"
Crazy Yiuf barely misses you.
Your crimson imp closely misses Crazy Yiuf.
You hit Crazy Yiuf.
Crazy Yiuf is almost dead.
Crazy Yiuf misses you.
Your crimson imp hits Crazy Yiuf but does no damage.
You barely miss Crazy Yiuf.
Crazy Yiuf is almost dead.
Crazy Yiuf hits you with a quarterstaff of chaos!
* * * LOW HITPOINT WARNING * * *
Your crimson imp hits Crazy Yiuf but does no damage.
Unknown command.
You barely miss Crazy Yiuf.
Your tail-slap misses Crazy Yiuf.
Crazy Yiuf is almost dead.
Crazy Yiuf hits you with a quarterstaff of chaos.
* * * LOW HITPOINT WARNING * * *
You are electrocuted!
Ouch! That really hurt!
You die...

♣....♣ ##.##.#...# ♣♣...♣
#..##.#...# ♣♣.♣♣ #..##......
♣♣[♣ #..##...... ♣.♣♣ #.........#
♣♣.♣ #.........# ♣.♣♣ #.........#
##'## #.........# #@..#
#.........# #### #.g5#
#.........# #########..# #)..#
#.........# ##.......#..# #####
#....>....# )........'..#
#.........#
##.......#..###########.#########
#.......#..........)..÷......#
#.......#.......).÷..........#
##.......#.........#..........#


You could see Crazy Yiuf and a friendly crimson imp.

Vanquished Creatures
  Robin (D:2)
  3 gnolls (D:2)
  An adder (D:2)
  An ooze (D:2)
  A worm (D:2)
  A dart slug (D:1)
  2 leopard geckos (D:2)
  An orc (D:2)
  3 giant cockroaches
  11 goblins
  9 hobgoblins
  7 jackals (D:2)
  6 kobolds
  A ball python (D:1)
  6 bats
  2 frilled lizards
  4 rats
60 creatures vanquished.

Vanquished Creatures (collateral kills)
  A gnoll (D:2)
  A hobgoblin (D:2)
  2 goblins (D:2)
4 creatures vanquished.

Grand Total: 64 creatures vanquished

Notes
Turn   | Place    | Note
-------+----------+-------------------------------------------
     0 | D:1      | Mesmaeker13 the Draconian Wizard began the quest for the Orb.
     0 | D:1      | Reached XP level 1. HP: 14/14 MP: 4/4
   587 | D:1      | Reached XP level 2. HP: 16/20 MP: 6/6
  1499 | D:2      | Reached XP level 3. HP: 20/26 MP: 4/8
  1960 | D:2      | Learned a level 2 spell: Call Imp
  2074 | D:2      | Reached XP level 4. HP: 33/33 MP: 3/9
  2174 | D:2      | Reached skill level 4 in Spellcasting
  2333 | D:2      | Found a hazy altar of Hepliaklqana.
  2368 | D:2      | Noticed Robin
  2393 | D:2      | Killed Robin
  2698 | D:2      | Found a faded altar of an unknown god.
  2924 | D:2      | Found a runed door.
  2929 | D:2      | Noticed Crazy Yiuf
  2940 | D:2      | Mangled by Crazy Yiuf

Skill      XL: |  1  2  3  4 |
---------------+-------------+-----
Conjurations   | 2 3 |  3.2
Spellcasting   | 4 |  4.3
Dodging        | |  1.7
Stealth        | |  1.7
Summonings     | |  1.0
Translocations | |  1.0

Action                   |  1- 3 |  4- 6 || total
-------------------------+-------+-------++-------
Melee: Unarmed           |    20 |       ||    20
       Club              |    30 |    54 ||    84
       Tailslap          |     5 |     5 ||    10
       Short sword       |    29 |    31 ||    60
 Cast: Magic Dart        |    62 |    16 ||    78
       Call Imp          |     2 |     4 ||     6
  Use: Scroll            |       |     3 ||     3
 Stab: Sleeping          |     1 |     1 ||     2
  Eat: Chunk             |     4 |     2 ||     6
Armor: Skin              |    30 |    41 ||    71
Dodge: Dodged            |    57 |    81 ||   138
